 Dungeon Crawl Stone Soup version 0.21-a0-29-g43b3074 (webtiles) character file.

168 tof the Ducker (level 5, -2/41 HPs)
             Began as a Demonspawn Gladiator on May 26, 2017.
             Slain by Grinder (7 damage)
             ... while paralysed by Grinder
             ... on level 4 of the Dungeon.
             The game lasted 00:04:02 (2590 turns).

tof the Ducker (Demonspawn Gladiator)               Turns: 2590, Time: 00:04:02

Health: -2/41      AC:  7    Str: 14    XL:     5   Next: 24%
Magic:  5/5        EV:  2    Int: 10    God:
Gold:   67         SH:  0    Dex: 15    Spells: 4/4 levels left

rFire    . . .     SeeInvis .   a - +0 quarterstaff
rCold    . . .     Gourm    .   (shield currently unavailable)
rNeg     . . .     Faith    .   v - +0 ring mail
rPois    .         Spirit   .   c - +0 helmet
rElec    .         Reflect  .   (no cloak)
rCorr    .         Harm     .   (no gloves)
MR       .....                  h - +0 pair of boots
Stlth    +.........             (no amulet)
Regen    0.2/turn               (no ring)
MPRegen  0.1/turn               (no ring)

@: paralysed
A: rot immunity
a: no special abilities


You were on level 4 of the Dungeon.
You were not hungry.

You visited 1 branch of the dungeon, and saw 4 of its levels.

You collected 67 gold pieces.

Inventory:

Hand Weapons
 a - a +0 quarterstaff (weapon)
Missiles
 d - 3 throwing nets (quivered)
 g - 33 poisoned needles
Armour
 b - a +0 leather armour
 c - a +0 helmet (worn)
 h - a +0 pair of boots (worn)
 v - a +0 ring mail (worn)
Jewellery
 l - a +3 amulet of reflection {unknown}
Scrolls
 e - 3 scrolls of magic mapping {unknown}
 i - a scroll of recharging {unknown}
 j - a scroll of enchant weapon {unknown}
 k - 3 scrolls of identify {unknown}
 o - a scroll of immolation {unknown}
 q - 2 scrolls of remove curse {unknown}
 s - a scroll of teleportation {unknown}
 y - 2 scrolls of noise {unknown}
Potions
 n - a potion of invisibility {unknown}
 r - a potion of mutation {unknown}
 u - a potion of degeneration {unknown}
 w - a potion of lignification {unknown}
 x - a potion of curing {unknown}
Comestibles
 f - 4 bread rations
 m - a royal jelly
 p - a meat ration
 t - 2 fruits
 z - 5 chunks of flesh


   Skills:
 + Level 3.2 Fighting
 * Level 3.3 Staves
 + Level 2.5 Throwing
 + Level 1.6 Armour
 + Level 3.4 Dodging


You had 4 spell levels left.
You didn't know any spells.

Dungeon Overview and Level Annotations

Branches:
Dungeon (4/15)
 Temple: D:4-7

Altars:

Annotations:
D:4 Grinder


Innate Abilities, Weirdness & Mutations

You are immune to rotting.


Message History

Grinder blinks!
Grinder closely misses you. The orc hits you with a club.
A giant cockroach comes into view.
Grinder barely misses you.
Found a chain mail.
Grinder gestures at you.
You suddenly lose the ability to move!
The giant cockroach bites you but does no damage.
The orc hits you but does no damage.
The giant cockroach bites you but does no damage.
The orc hits you with a club. Grinder hits you!
* * * LOW HITPOINT WARNING * * *
You writhe in agony.
* * * LOW HITPOINT WARNING * * *
The giant cockroach bites you but does no damage.
The orc hits you but does no damage.
The giant cockroach bites you but does no damage.
Grinder hits you!
You die...

#........[.
#..........
#..........
#..........
#..........
#..........
#..s.......
#.5@.......
#####.o........
#..............
#.........#..##
#...<..##....#
#$.>...# ###..#
######## ##


You could see Grinder, an orc and a giant cockroach.

Vanquished Creatures
  Natasha (thrice) (D:2)
  4 adders (D:2)
  2 worms (D:2)
  2 dart slugs
  A leopard gecko (D:2)
  5 orcs (D:3)
  5 bats
  4 giant cockroaches
  2 goblins
  6 hobgoblins
  3 kobolds
  6 frilled lizards
  5 rats
48 creatures vanquished.

Notes
Turn   | Place    | Note
-------+----------+-------------------------------------------
     0 | D:1      | tof the Demonspawn Gladiator began the quest for the Orb.
     0 | D:1      | Reached XP level 1. HP: 16/16 MP: 1/1
   230 | D:1      | Gained mutation: You are immune to rotting. [demonic ancestry]
   230 | D:1      | Reached XP level 2. HP: 22/22 MP: 2/2
   717 | D:2      | Noticed Natasha
   841 | D:2      | Killed Natasha
   841 | D:2      | Reached skill level 1 in Armour
   841 | D:2      | Reached XP level 3. HP: 28/28 MP: 3/3
  1052 | D:2      | Reached XP level 4. HP: 34/34 MP: 4/4
  1389 | D:2      | Noticed Natasha
  1408 | D:2      | Killed Natasha
  1940 | D:3      | Found a faded altar of an unknown god.
  2139 | D:3      | Noticed Grinder
  2151 | D:3      | Paralysed by Grinder for 2 turns
  2164 | D:3      | Paralysed by Grinder for 6 turns
  2173 | D:3      | Paralysed by Grinder for 3 turns
  2207 | D:2      | Noticed Natasha
  2214 | D:2      | Killed Natasha
  2214 | D:2      | Reached XP level 5. HP: 25/41 MP: 5/5
  2587 | D:4      | Paralysed by Grinder for 7 turns
  2590 | D:4      | Slain by Grinder

Vault maps used:
D:1:      dpeg_arrival_round_a
D:2:      uniq_natasha
D:3:      lemuel_crystal_altar, chequers_ecumenical_altar_simple_redux,
          uniq_grinder
D:4:      marbit_many_paths, lemuel_crystal_altar, first_bread

Skill      XL: |  1  2  3  4 |
---------------+-------------+-----
Throwing       | 2 |  2.5
Armour         | 1 |  1.6
Dodging        | 3 |  3.4
Staves         | 3 |  3.3
Fighting       | 3 |  3.2

Action                   |  1- 3 |  4- 6 || total
-------------------------+-------+-------++-------
Melee: Quarterstaff      |    50 |   100 ||   150
  Eat: Chunk             |       |     5 ||     5
Armor: Leather armour    |    10 |    15 ||    25
       Ring mail         |       |    23 ||    23
Dodge: Dodged            |    45 |    67 ||   112
